 Dungeon Crawl Stone Soup version 0.25-a0-1073-gf4359a17dd (webtiles) character file.

Game seed: 18292872433261542879, levelgen mode: deterministic

88 kae the Skirmisher (level 4, -6/36 HPs)
             Began as a Demonspawn Fighter on May 14, 2020.
             Mangled by Sigmund
             ... wielding a +0 scythe
              (10 damage)
             ... on level 2 of the Dungeon.
             The game lasted 00:02:25 (1919 turns).

kae the Skirmisher (Demonspawn Fighter)             Turns: 1919, Time: 00:02:26

Health: -6/36      AC:  9    Str: 17    XL:     4   Next: 30%
Magic:  4/4        EV:  9    Int:  9    God:
Gold:   83         SH:  4    Dex: 13    Spells: 3/3 levels left

rFire    + . .     SeeInvis .   a - +0 flail
rCold    . . .     Gourm    .   e - +0 buckler
rNeg     . . .     Faith    .   b - +0 scale mail
rPois    .         Spirit   .   (no helmet)
rElec    .         Reflect  .   (no cloak)
rCorr    .         Harm     .   (no gloves)
MR       .....                  k - +0 pair of boots
Stlth    ..........             (no amulet)
HPRegen  0.12/turn              (no ring)
MPRegen  0.09/turn              (no ring)

@: no status effects
A: slimy green scales 1, fire resistance 1
a: no special abilities


You were on level 2 of the Dungeon.
You were not hungry.

You visited 1 branch of the dungeon, and saw 2 of its levels.

You collected 83 gold pieces.

Inventory:

Hand Weapons
 a - a +0 flail (weapon)
Armour
 b - a +0 scale mail (worn)
 c - a +0 kite shield
 e - a +0 buckler (worn)
 k - a +0 pair of boots (worn)
 o - a +1 pair of gloves
Jewellery
 d - an uncursed ring of protection from magic {unknown}
 h - an uncursed ring of protection from magic {unknown}
Scrolls
 i - a scroll of random uselessness
 j - a scroll of remove curse
Potions
 g - a potion of curing
 l - a potion of degeneration {unknown}
 m - a potion of flight
Comestibles
 f - 2 rations


   Skills:
 + Level 3.6 Fighting
 * Level 3.2 Maces & Flails
 - Level 2.6 Armour
 + Level 3.2 Shields


You had 3 spell levels left.
You didn't know any spells.
Your spell library was empty.

Dungeon Overview and Level Annotations

Branches:
Dungeon (2/15)

Altars:

Annotations:
D:2 Sigmund, Terence


Innate Abilities, Weirdness & Mutations

You are partially covered in slimy green scales. (AC +2)
Your flesh is heat resistant. (rF+)


Message History

Deactivating autopickup; reactivate with Ctrl-A.
You closely miss something.
You hear some strange, mumbled words.
A magic dart appears from out of thin air!
The magic dart hits you!
You hit something.
You hear some strange, mumbled words.
A puff of flame appears from out of thin air!
The puff of flame hits you. You resist.
You hear some strange, mumbled words.
Something tries to affect you, but you resist.
You closely miss something.
You hear some strange, mumbled words.
A magic dart appears from out of thin air!
The magic dart hits you.
* * * LOW HITPOINT WARNING * * *
You miss something. Something hits you.
* * * LOW HITPOINT WARNING * * *
You barely miss something. Something hits you!
You die...

....########## ..
#....#.## ....# #.# ..(.#
#.# ##### #... ###.# #..
#...# $ ##### #.. ##.###
..###...## #.# ###..###.
#........###.#####...(....
#......@.#.........#####
#......{....###.####
#..........###..#
##.............##
#.......######## #.>.....#
#.......# ##.....##
##...##


There were no monsters in sight!

Vanquished Creatures
  Robin (D:2)
  An adder (D:1)
  A dart slug (D:1)
  3 leopard geckos
  4 giant cockroaches
  21 goblins
  5 hobgoblins
  A jackal (D:1)
  A quokka (D:2)
  3 bats (D:1)
  7 frilled lizards (D:1)
  3 kobolds (D:1)
  9 rats
60 creatures vanquished.

Notes
Turn   | Place    | Note
-------+----------+-------------------------------------------
     0 | D:1      | kae the Demonspawn Fighter began the quest for the Orb.
     0 | D:1      | Reached XP level 1. HP: 18/18 MP: 1/1
   146 | D:1      | Gained mutation: You are partially covered in slimy green
                  | scales. (AC +2) [demonic ancestry]
   146 | D:1      | Reached XP level 2. HP: 24/24 MP: 2/2
   617 | D:1      | Gained mutation: Your flesh is heat resistant. (rF+)
                  | [demonic ancestry]
   617 | D:1      | Reached XP level 3. HP: 29/29 MP: 3/3
  1099 | D:2      | Noticed Sigmund
  1304 | D:2      | Noticed Terence
  1325 | D:2      | Noticed Robin
  1359 | D:2      | Reached XP level 4. HP: 14/35 MP: 4/4
  1361 | D:2      | Killed Robin
  1919 | D:2      | Mangled by Sigmund

Illustrated notes

Levels and vault maps discovered:
D:1:      eino_arrival_druids_welcome, layout_basic, minmay_fountain_box,
          dk_noncrumbling_3, minmay_misc_feat_tower, serial_park_tiny_1,
          minmay_worlds_worst_comb
D:2:      layout_rooms, uniq_terence, uniq_sigmund, uniq_robin

Skill      XL: |  1  2  3 |
---------------+----------+-----
Maces & Flails | 2 3 |  3.2
Shields        | 3 |  3.2
Fighting       | |  3.6
Armour         | |  2.6

Action                   |  1- 3 |  4- 6 || total
-------------------------+-------+-------++-------
Melee: Flail             |   171 |    37 ||   208
  Use: Potion            |     5 |       ||     5
       Scroll            |     3 |       ||     3
  Eat: Chunk             |     2 |     2 ||     4
Armor: Scale mail        |    97 |    12 ||   109
Dodge: Dodged            |   112 |    24 ||   136
Block: Buckler           |    51 |     6 ||    57

Table legend:
 A = Non-vault XP
 B = Vault XP
 C = Vault XP percentage of total XP
 D = Non-vault monster count
 E = Vault monster count
 F = Vault count percentage of total count
                 A         B        C        D         E       F
            +---------+---------+-------+---------+---------+-------
      Total |      88 |      39 |  30.7 |      47 |      13 |  21.7
            +---------+---------+-------+---------+---------+-------
        D:1 |      70 |       4 |   5.4 |      37 |       2 |   5.1
        D:2 |      18 |      35 |  66.0 |      10 |      11 |  52.4
            +---------+---------+-------+---------+---------+-------
